 Dungeon Crawl Stone Soup version 0.29-a0-194-g6e3aafee17 (webtiles) character file.

Game seed: 12411684427677622797

97 bande the Covered (level 4, -2/29 HPs)
             Began as a Gargoyle Fighter on Feb 23, 2022.
             Killed by divine providence
             ... invoked by an orc priest
              (15 damage)
             ... on level 2 of the Dungeon.
             The game lasted 00:03:37 (2917 turns).

bande the Covered (Gargoyle Fighter)                Turns: 2917, Time: 00:03:38

Health: -2/29      AC: 10    Str: 20    XL:     4   Next: 68%
Magic:  4/4        EV:  9    Int:  8    God:
Gold:   191        SH:  5    Dex: 17    Spells: 3/3 levels left

rFire   . . .      SeeInvis .   a - +0 flail
rCold   . . .      Faith    .   c - +0 buckler
rNeg    + . .      Spirit   .   b - +0 scale mail
rPois   ∞          Reflect  .   (no helmet)
rElec   +          Harm     .   (no cloak)
rCorr   .          Rampage  .   (no gloves)
Will    .....                   (no boots)
Stlth   ..........              (no amulet)
HPRegen 0.09/turn               f - +6 ring of dexterity
MPRegen 0.09/turn               (no ring)

@: no status effects
A: sickness immunity, AC +3, negative energy resistance 1, electricity
resistance, torment resistance 1, petrification resistance
a: no special abilities


You were on level 2 of the Dungeon.
You visited 1 branch of the dungeon, and saw 3 of its levels.

You collected 191 gold pieces.

Inventory:

Hand Weapons
 a - a +0 flail (weapon)
 l - a +0 flail
Armour
 b - a +0 scale mail (worn)
 c - a +0 buckler (worn)
Jewellery
 f - a +6 ring of dexterity (left hand)
 i - an amulet of faith
Potions
 d - 2 potions of might
 g - a potion of haste {unknown}
 h - 2 potions of invisibility
 j - a potion of magic {unknown}
 k - a potion of lignification {unknown}


   Skills:
 + Level 3.8 Fighting
 - Level 2.0 Maces & Flails
 + Level 4.7 Armour
 + Level 0.3 Stealth
 + Level 4.1 Shields


You had 3 spell levels left.
You didn't know any spells.
Your spell library contained the following spells:

 Spells                   Type           Power      Damage    Failure   Level
 Animate Skeleton         Necr           0%         N/A       83%         1
 Pain                     Necr           0%         1d4       83%         1
 Sting                    Tmut/Pois      0%         1d3       83%         1
 Poisonous Vapours        Pois/Air       0%         N/A       93%         2
 Vampiric Draining        Necr           0%         2d6       99%         3
 Olgreb's Toxic Radiance  Pois           0%         N/A       100%        4
 Chain Lightning          Conj/Air       0%         N/A       100%        9
 Fire Storm               Conj/Fire      0%         5d1       100%        9
 Shatter                  Erth           0%         3d5*      100%        9


Dungeon Overview and Level Annotations

Branches:
Dungeon (3/15)

Altars:
Fedhas

Annotations:
D:3 Robin


Innate Abilities, Weirdness & Mutations

You are immune to sickness and miasma.
Your stone body is resilient. (AC +3)
You are immune to poison.
You resist negative energy. (rN+)
You are resistant to electric shocks. (rElec)
You are resistant to unholy torment.
You are immune to petrification.


Message History

The orc priest shouts!
The goblin hits you but does no damage. You block the goblin's attack.
The hobgoblin closely misses you. You block the goblin's attack. x2
There is a stone staircase leading up here.
Unknown command.
You block the hobgoblin's attack. The orc priest barely misses you.
The goblin hits you but does no damage. The goblin barely misses you.
You climb upwards.
There is a stone staircase leading down here.
Unknown command.
You hit the orc priest.
The orc priest is lightly wounded.
You block the hobgoblin's attack.
The orc priest mumbles some strange prayers to Beogh against you.
Pain shoots through your body! The goblin misses you.
The goblin hits you but does no damage. The hobgoblin closely misses you.
The orc priest casts a cantrip, but nothing happens.
You closely miss the orc priest.
The orc priest is lightly wounded.
The goblin hits you but does no damage. x2
The hobgoblin hits you but does no damage.
The orc priest looks satisfied for a moment.
You hit the orc priest.
The orc priest is heavily wounded.
The goblin hits you but does no damage. x2; You block the hobgoblin's attack.
The orc priest hits you with a +0 short sword.
The goblin closely misses you. The goblin hits you but does no damage.
You closely miss the orc priest.
The orc priest is heavily wounded.
The hobgoblin hits you but does no damage.
The orc priest mumbles some strange prayers to Beogh against you.
Beogh smites you! You block the goblin's attack.
The goblin hits you but does no damage. The hobgoblin closely misses you.
Unknown command.
You hit the orc priest.
The orc priest is almost dead.
The orc priest mumbles some strange prayers to Beogh against you.
Beogh smites you!
Ouch! That really hurt!
You die...

..# ..# ..# #.##
#..# ##.##
######### ##..#
##...#...##
<##.###........g##
........(.....)g@#
...............og#
.................#
###.............##
###..#...#...## #
##....###### #
####.# ##### #.##
.†..### #..#


You could see an orc priest, a hobgoblin and 2 goblins.

Vanquished Creatures
  Terence (D:2)
  An adder (D:2)
  A dart slug (D:1)
  3 orcs
  2 endoplasms (D:1)
  6 goblins
  4 hobgoblins
  6 jackals (D:1)
  7 kobolds
  A quokka (D:3)
  5 ball pythons
  7 bats
  2 frilled lizards
  8 rats
54 creatures vanquished.

Notes
Turn   | Place    | Note
-------+----------+-------------------------------------------
     0 | D:1      | bande the Gargoyle Fighter began the quest for the Orb.
     0 | D:1      | Reached XP level 1. HP: 14/14 MP: 1/1
   345 | D:1      | Reached XP level 2. HP: 16/19 MP: 2/2
   637 | D:1      | Reached XP level 3. HP: 24/24 MP: 3/3
   703 | D:1      | Found a faded altar of an unknown god.
  1210 | D:2      | Noticed Terence
  1223 | D:2      | Killed Terence
  1224 | D:2      | Reached XP level 4. HP: 6/29 MP: 4/4
  2124 | D:3      | Found a blossoming altar of Fedhas.
  2247 | D:3      | Noticed Robin
  2917 | D:2      | Killed from afar by an orc priest

Illustrated notes

Levels and vault maps discovered:
D:1:      sevenhm_arrival_forest_fort_large_4, layout_basic,
          hellmonk_ecumenical_altar_pennies_from_heaven
D:2:      layout_rooms, uniq_terence
D:3:      layout_loops_ring, lemuel_coloured_pillars_altar,
          fedhas_ov_isle_minmay, uniq_robin

Skill      XL: |  1  2  3 |
---------------+----------+-----
Armour         | 4 |  4.7
Shields        | 4 |  4.1
Fighting       | |  3.8
Maces & Flails | |  2.0
Stealth        | |  0.3

Action                   |  1- 3 |  4- 6 || total
-------------------------+-------+-------++-------
Melee: Flail             |   103 |    64 ||   167
  Use: Scroll            |       |     3 ||     3
Armor: Scale mail        |    55 |    49 ||   104
Dodge: Dodged            |    48 |    42 ||    90
Block: Buckler           |    22 |    34 ||    56

Table legend: (Time is in decaauts)
 A = Elapsed time spent in this place.
 B = Non-inter-level travel time spent in this place.
 C = Inter-level travel time spent in this place.
 D = Time resting spent in this place.
 E = Time spent auto-exploring this place.
 F = Levels seen in this place.
 G = Mean time per level.
                   A        B        C        D        E       F      G
               +--------+--------+--------+--------+--------+-----+--------+
         Total |   2985 |   2931 |     54 |    916 |   1545 |   3 |  995.0 |
       Dungeon |   2985 |   2931 |     54 |    916 |   1545 |   3 |  995.0 |
               +--------+--------+--------+--------+--------+-----+--------+

Top non-repeatable levels by time:
     D:2: 1540 daAuts
     D:1: 1201 daAuts
     D:3: 243 daAuts
